| TOP OF THE 1ST |
|
Tri-City Dust Devils batting - Pitching for Los Angeles (NYP) Dodgers : RHP Paul Schaecher
|
|
Pitching: RHP Paul Schaecher
|
|
|
Batting: LHB Ramon Vega
|
0-0: Ball 1-0: Foul Ball, location: 2F 1-1: Ball 2-1: Foul Ball, location: 2F 2-2: Foul Ball, location: 2F 2-2: Strikes out looking
|
|
Batting: LHB Phil Lerner
|
0-0: Called Strike 0-1: Ball 1-1: SINGLE (Groundball, 4MD, EV 98.8 MPH)
|
|
Batting: RHB Mike MacLeod
|
0-0: Ball 1-0: Called Strike 1-1: Foul Ball, location: 2F 1-2: Foul Ball, location: 2F 1-2: Foul Ball, location: 2F 1-2: Ground out 6-3 (Groundball, 6, EV 93.1 MPH) Phil Lerner to second
|
|
Batting: SHB Isaiah Scates
|
0-0: Ball 1-0: Ball 2-0: Ball 3-0: Called Strike 3-1: Foul Ball, location: 2F 3-2: Strikes out swinging
|
| Top of the 1st over - 0 runs, 1 hit, 0 errors, 1 left on base; Tri-City 0 - Los Angeles (NYP) 0 |
| BOTTOM OF THE 1ST |
|
Los Angeles (NYP) Dodgers batting - Pitching for Tri-City Dust Devils : RHP Jamie Bostic
|
|
Pitching: RHP Jamie Bostic
|
|
|
Batting: RHB Alex Mejia
|
0-0: Called Strike 0-1: Foul Ball, location: 2F 0-2: Foul Ball, location: 2F 0-2: Strikes out swinging
|
|
Batting: RHB Adam Maczko
|
0-0: Ball 1-0: Called Strike 1-1: Foul Ball, location: 2F 1-2: Ball 2-2: Strikes out swinging
|
|
Batting: RHB Tommy Hunter
|
0-0: Ball 1-0: Ball 2-0: Swinging Strike 2-1: SINGLE (Groundball, 56D, EV 107.5 MPH)
|
|
Batting: RHB Juan Gallegos
|
0-0: Ball 1-0: Swinging Strike 1-1: SINGLE (Groundball, 6MD, EV 103.8 MPH) Tommy Hunter to second Runner from 2nd tries for 3rd, SAFE, throw by CF made to third
|
|
Batting: LHB Fernão Manta
|
0-0: Ball 1-0: Foul Ball, location: 2F 1-1: Called Strike 1-2: Ball 2-2: Fly out, F7 (Flyball, 78S, EV 92.5 MPH)
|
| Bottom of the 1st over - 0 runs, 2 hits, 0 errors, 2 left on base; Tri-City 0 - Los Angeles (NYP) 0 |
| TOP OF THE 2ND |
|
Tri-City Dust Devils batting - Pitching for Los Angeles (NYP) Dodgers : RHP Paul Schaecher
|
|
Batting: RHB Eric McMillian
|
0-0: Ground out 4-3 (Groundball, 4, EV 86.2 MPH)
|
|
Batting: RHB Hector Fernandez
|
0-0: Swinging Strike 0-1: Ball 1-1: Ball 2-1: Ground out 5-3 (Groundball, 56, EV 91.9 MPH)
|
|
Batting: RHB Frank Elizondo
|
0-0: Called Strike 0-1: Swinging Strike 0-2: Strikes out swinging
|
| Top of the 2nd over - 0 runs, 0 hits, 0 errors, 0 left on base; Tri-City 0 - Los Angeles (NYP) 0 |
| BOTTOM OF THE 2ND |
|
Los Angeles (NYP) Dodgers batting - Pitching for Tri-City Dust Devils : RHP Jamie Bostic
|
|
Batting: RHB Brad Brady
|
0-0: Ground out 4-3 (Groundball, 34, EV 108.8 MPH)
|
|
Batting: LHB Bobby Gambrell
|
0-0: Ball 1-0: Called Strike 1-1: Ball 2-1: SINGLE (Groundball, 6MS, EV 72.5 MPH) (infield hit)
|
|
Batting: RHB Bob Magana
|
0-0: Ball Bobby Gambrell is caught stealing 2nd base 2-4 1-0: Called Strike 1-1: SINGLE (Groundball, 56D, EV 105.0 MPH)
|
|
Batting: RHB Chad Rojas
|
0-0: Ball 1-0: Ball 2-0: Called Strike 2-1: Ball 3-1: Called Strike 3-2: SINGLE (Flyball, 56D, EV 86.9 MPH) Bob Magana to second Bob Magana to third
|
|
Batting: RHB Alex Mejia
|
0-0: Swinging Strike 0-1: Ball 1-1: Ball 2-1: Fly out, F8 (Flyball, 8LS, EV 88.1 MPH)
|
| Bottom of the 2nd over - 0 runs, 3 hits, 0 errors, 2 left on base; Tri-City 0 - Los Angeles (NYP) 0 |
| TOP OF THE 3RD |
|
Tri-City Dust Devils batting - Pitching for Los Angeles (NYP) Dodgers : RHP Paul Schaecher
|
|
Batting: RHB Max Stillo
|
0-0: Ball 1-0: Foul Ball, location: 2F 1-1: Ball 2-1: Ball 3-1: Ground out 1-3 (Groundball, 34S, EV 71.9 MPH)
|
|
Batting: RHB Shane Bruce
|
0-0: Called Strike 0-1: Ball 1-1: Swinging Strike 1-2: Strikes out swinging
|
|
Batting: LHB Ramon Vega
|
0-0: Ball 1-0: Ball 2-0: Ground out 2-3 (Groundball, 13S, EV 61.2 MPH)
|
| Top of the 3rd over - 0 runs, 0 hits, 0 errors, 0 left on base; Tri-City 0 - Los Angeles (NYP) 0 |
| BOTTOM OF THE 3RD |
|
Los Angeles (NYP) Dodgers batting - Pitching for Tri-City Dust Devils : RHP Jamie Bostic
|
|
Batting: RHB Adam Maczko
|
0-0: Ball 1-0: SINGLE (Groundball, 6MD, EV 95.6 MPH)
|
|
Batting: RHB Tommy Hunter
|
0-0: Foul Ball, location: 2F 0-1: Ball 1-1: Ball 2-1: Grounds into double play, 5-4-3 (Groundball, 56S, EV 84.4 MPH)
|
|
Batting: RHB Juan Gallegos
|
0-0: Ball 1-0: Called Strike 1-1: SINGLE (Groundball, 6S, EV 72.5 MPH) (infield hit)
|
|
Batting: LHB Fernão Manta
|
0-0: Called Strike 0-1: Foul Ball, location: 2F 0-2: Strikes out swinging
|
| Bottom of the 3rd over - 0 runs, 2 hits, 0 errors, 1 left on base; Tri-City 0 - Los Angeles (NYP) 0 |
| TOP OF THE 4TH |
|
Tri-City Dust Devils batting - Pitching for Los Angeles (NYP) Dodgers : RHP Paul Schaecher
|
|
Batting: LHB Phil Lerner
|
0-0: Called Strike 0-1: DOUBLE (Line Drive, 3D, EV 96.9 MPH)
|
|
Batting: RHB Mike MacLeod
|
0-0: Called Strike 0-1: Swinging Strike 0-2: Ball 1-2: Strikes out looking
|
|
Batting: SHB Isaiah Scates
|
0-0: Ball 1-0: Ball 2-0: Ball 3-0: Base on Balls
|
|
Batting: RHB Eric McMillian
|
0-0: Ball 1-0: Ball Phil Lerner steals 3rd base 2-0: Called Strike 2-1: Swinging Strike 2-2: Fly out, F7 (Flyball, 7D, EV 91.9 MPH) Runner from 3rd tags up, SCORES, throw by LF
|
|
Batting: RHB Hector Fernandez
|
0-0: Called Strike 0-1: Ball 1-1: Swinging Strike 1-2: Strikes out swinging
|
| Top of the 4th over - 1 run, 1 hit, 0 errors, 1 left on base; Tri-City 1 - Los Angeles (NYP) 0 |
| BOTTOM OF THE 4TH |
|
Los Angeles (NYP) Dodgers batting - Pitching for Tri-City Dust Devils : RHP Jamie Bostic
|
|
Batting: RHB Brad Brady
|
0-0: Ball 1-0: Ball 2-0: Called Strike 2-1: Ball 3-1: Foul Ball, location: 2F 3-2: Foul Ball, location: 2F 3-2: Foul Ball, location: 2F 3-2: Base on Balls
|
|
Batting: LHB Bobby Gambrell
|
0-0: Ball 1-0: Called Strike 1-1: SINGLE (Flyball, 56D, EV 95.6 MPH) Brad Brady to second
|
|
Batting: RHB Bob Magana
|
0-0: Foul Ball, location: 2F 0-1: Ball 1-1: Called Strike 1-2: Strikes out swinging
|
|
Batting: RHB Chad Rojas
|
0-0: Ball 1-0: Called Strike 1-1: DOUBLE (Groundball, 5L, EV 108.1 MPH) Brad Brady scores Bobby Gambrell to third
|
|
Batting: RHB Alex Mejia
|
0-0: Ball Passed Ball! Bobby Gambrell scores Chad Rojas to third 1-0: Ground out 4-3 (Groundball, 4, EV 88.8 MPH) Chad Rojas scores
|
|
Batting: RHB Adam Maczko
|
0-0: Foul Ball, location: 2F 0-1: Fly out, F7 (Flyball, 78D, EV 88.8 MPH)
|
| Bottom of the 4th over - 3 runs, 2 hits, 0 errors, 0 left on base; Tri-City 1 - Los Angeles (NYP) 3 |
| TOP OF THE 5TH |
|
Tri-City Dust Devils batting - Pitching for Los Angeles (NYP) Dodgers : RHP Paul Schaecher
|
|
Batting: RHB Frank Elizondo
|
0-0: Ball 1-0: Ball 2-0: Ball 3-0: Foul Ball, location: 2F 3-1: Foul Ball, location: 2F 3-2: Strikes out swinging
|
|
Batting: RHB Max Stillo
|
0-0: Ball 1-0: Foul Ball, location: 2F 1-1: Foul Ball, location: 2F 1-2: Ball 2-2: Foul Ball, location: 2F 2-2: Ball 3-2: Foul Ball, location: 2F 3-2: Strikes out looking
|
|
Batting: RHB Shane Bruce
|
0-0: Ball 1-0: Fly out, F3 (Popup, 3F, EV 68.8 MPH)
|
| Top of the 5th over - 0 runs, 0 hits, 0 errors, 0 left on base; Tri-City 1 - Los Angeles (NYP) 3 |
| BOTTOM OF THE 5TH |
|
Los Angeles (NYP) Dodgers batting - Pitching for Tri-City Dust Devils : RHP Jamie Bostic
|
|
Batting: RHB Tommy Hunter
|
0-0: Swinging Strike 0-1: Called Strike 0-2: Ball 1-2: Fly out, F8 (Flyball, 8RXD, EV 104.4 MPH)
|
|
Pitching: RHP Troy Conners
|
|
|
Batting: RHB Juan Gallegos
|
0-0: SINGLE (Groundball, 6D, EV 101.2 MPH)
|
|
Batting: LHB Fernão Manta
|
0-0: Called Strike 0-1: SINGLE (Groundball, 56D, EV 102.5 MPH) Juan Gallegos to second
|
|
Batting: RHB Brad Brady
|
0-0: Swinging Strike 0-1: Ball 1-1: Ball Wild Pitch! Juan Gallegos to third Fernão Manta to second 2-1: Foul Ball, location: 2F 2-2: Foul Ball, location: 2F 2-2: SINGLE (Groundball, 34D, EV 102.5 MPH) Juan Gallegos scores Fernão Manta to third Runner from 3rd tries for Home, SAFE, throw by RF to home
|
|
Batting: LHB Bobby Gambrell
|
0-0: Ball 1-0: Called Strike 1-1: Ball 2-1: Foul Ball, location: 2F 2-2: Fly out, F4 (Popup, 4, EV 74.4 MPH)
|
|
Batting: RHB Bob Magana
|
0-0: Called Strike Brad Brady steals 2nd base 0-1: Ball 1-1: Foul Ball, location: 2F 1-2: Ball 2-2: Ball 3-2: Foul Ball, location: 2F 3-2: Base on Balls
|
|
Batting: RHB Chad Rojas
|
0-0: Ball 1-0: Foul Ball, location: 2F 1-1: Foul Ball, location: 2F 1-2: Strikes out looking
|
| Bottom of the 5th over - 2 runs, 3 hits, 0 errors, 2 left on base; Tri-City 1 - Los Angeles (NYP) 5 |
| TOP OF THE 6TH |
|
Tri-City Dust Devils batting - Pitching for Los Angeles (NYP) Dodgers : RHP Paul Schaecher
|
|
Batting: LHB Ramon Vega
|
0-0: Ball 1-0: Ground out U3 (Groundball, 34, EV 109.4 MPH)
|
|
Batting: LHB Phil Lerner
|
0-0: Ball 1-0: Fly out, F8 (Flyball, 8LM, EV 86.9 MPH)
|
|
Batting: RHB Mike MacLeod
|
0-0: Ball 1-0: Ball 2-0: Ball 3-0: Called Strike 3-1: Fly out, F8 (Flyball, 8LD, EV 104.4 MPH)
|
| Top of the 6th over - 0 runs, 0 hits, 0 errors, 0 left on base; Tri-City 1 - Los Angeles (NYP) 5 |
| BOTTOM OF THE 6TH |
|
Los Angeles (NYP) Dodgers batting - Pitching for Tri-City Dust Devils : RHP Troy Conners
|
|
Batting: RHB Alex Mejia
|
0-0: Ball 1-0: Called Strike 1-1: Called Strike 1-2: Foul Ball, location: 2F 1-2: Ball 2-2: Ball 3-2: Ground out 2-3 (Groundball, 2L, EV 60.0 MPH)
|
|
Batting: RHB Adam Maczko
|
0-0: Ground out 4-3 (Groundball, 4M, EV 101.9 MPH)
|
|
Batting: RHB Tommy Hunter
|
0-0: Ball 1-0: Called Strike 1-1: Swinging Strike 1-2: Strikes out swinging
|
| Bottom of the 6th over - 0 runs, 0 hits, 0 errors, 0 left on base; Tri-City 1 - Los Angeles (NYP) 5 |
| TOP OF THE 7TH |
|
Tri-City Dust Devils batting - Pitching for Los Angeles (NYP) Dodgers : RHP Paul Schaecher
|
|
Pitching: RHP Angel Rivas
|
|
|
Batting: SHB Isaiah Scates
|
0-0: Called Strike 0-1: Called Strike 0-2: Strikes out looking
|
|
Batting: RHB Eric McMillian
|
0-0: Called Strike 0-1: Ball 1-1: Ball 2-1: Called Strike 2-2: Ball 3-2: Strikes out swinging
|
|
Batting: RHB Hector Fernandez
|
0-0: Called Strike 0-1: Ball 1-1: Ground out 5-3 (Groundball, 56, EV 79.4 MPH)
|
| Top of the 7th over - 0 runs, 0 hits, 0 errors, 0 left on base; Tri-City 1 - Los Angeles (NYP) 5 |
| BOTTOM OF THE 7TH |
|
Los Angeles (NYP) Dodgers batting - Pitching for Tri-City Dust Devils : RHP Troy Conners
|
|
Batting: RHB Juan Gallegos
|
0-0: SINGLE (Groundball, 34D, EV 103.8 MPH)
|
|
Pitching: RHP Jamal Kilburn
|
|
|
Batting: LHB Fernão Manta
|
0-0: Called Strike 0-1: Foul Ball, location: 2F 0-2: Ball 1-2: Ball 2-2: Strikes out swinging
|
|
Batting: RHB Brad Brady
|
0-0: Ball 1-0: Ball 2-0: Ball 3-0: Base on Balls Juan Gallegos to second
|
|
Batting: LHB Bobby Gambrell
|
0-0: Swinging Strike 0-1: Called Strike 0-2: Strikes out looking
|
|
Batting: RHB Bob Magana
|
0-0: Ball 1-0: Called Strike 1-1: Ball 2-1: Ball 3-1: Base on Balls Juan Gallegos to third Brad Brady to second
|
|
Batting: RHB Chad Rojas
|
0-0: Called Strike 0-1: Swinging Strike 0-2: Ball 1-2: Foul Ball, location: 2F 1-2: Strikes out swinging
|
| Bottom of the 7th over - 0 runs, 1 hit, 0 errors, 3 left on base; Tri-City 1 - Los Angeles (NYP) 5 |
| TOP OF THE 8TH |
|
Tri-City Dust Devils batting - Pitching for Los Angeles (NYP) Dodgers : RHP Angel Rivas
|
|
Batting: RHB Frank Elizondo
|
0-0: Called Strike 0-1: Foul Ball, location: 2F 0-2: SINGLE (Line Drive, 7S, EV 106.9 MPH)
|
|
Batting: RHB Max Stillo
|
0-0: Ball 1-0: Swinging Strike 1-1: Swinging Strike 1-2: Ball 2-2: Foul Ball, location: 2F 2-2: Strikes out swinging
|
|
Batting: RHB Shane Bruce
|
0-0: Foul Ball, location: 2F 0-1: Fielders Choice at 2nd, 5-4 (Groundball, 56, EV 83.8 MPH)
|
|
Batting: LHB Ramon Vega
|
0-0: Swinging Strike 0-1: Ball 1-1: Fly out, F8 (Line Drive, 8RM, EV 100.0 MPH)
|
| Top of the 8th over - 0 runs, 1 hit, 0 errors, 1 left on base; Tri-City 1 - Los Angeles (NYP) 5 |
| BOTTOM OF THE 8TH |
|
Los Angeles (NYP) Dodgers batting - Pitching for Tri-City Dust Devils : RHP Jamal Kilburn
|
|
Batting: RHB Alex Mejia
|
0-0: SINGLE (Line Drive, 8LS, EV 96.2 MPH)
|
|
Batting: RHB Adam Maczko
|
0-0: Sac Bunt to 13 - play at first, batter OUT! 1-3 Alex Mejia to second
|
|
Pitching: RHP Chris Pisor
|
|
|
Batting: RHB Tommy Hunter
|
0-0: Ball 1-0: Foul Ball, location: 2F 1-1: Foul Ball, location: 2F 1-2: Ball 2-2: Ground out 6-3 (Groundball, 56, EV 104.4 MPH)
|
|
Batting: RHB Juan Gallegos
|
0-0: Called Strike 0-1: Foul Ball, location: 2F 0-2: Strikes out looking
|
| Bottom of the 8th over - 0 runs, 1 hit, 0 errors, 1 left on base; Tri-City 1 - Los Angeles (NYP) 5 |
| TOP OF THE 9TH |
|
Tri-City Dust Devils batting - Pitching for Los Angeles (NYP) Dodgers : RHP Angel Rivas
|
|
Pitching: RHP Jared Wisham
|
|
|
Batting: LHB Phil Lerner
|
0-0: Ball 1-0: Ball 2-0: Ball 3-0: Base on Balls
|
|
Batting: RHB Mike MacLeod
|
0-0: Foul Ball, location: 2F 0-1: Ball 1-1: Ball 2-1: Ball 3-1: Foul Ball, location: 2F 3-2: DOUBLE (Line Drive, 5D, EV 93.8 MPH) Phil Lerner to third
|
|
Batting: SHB Isaiah Scates
|
0-0: Ball 1-0: Ball Wild Pitch! Phil Lerner scores Mike MacLeod to third 2-0: Called Strike 2-1: Ball 3-1: Base on Balls
|
|
Batting: RHB Eric McMillian
|
0-0: Called Strike 0-1: SINGLE (Groundball, 56D, EV 109.4 MPH) Mike MacLeod scores Isaiah Scates to second
|
|
Batting: RHB Hector Fernandez
|
0-0: Called Strike 0-1: Foul Ball, location: 2F 0-2: Strikes out swinging
|
|
Batting: RHB Frank Elizondo
|
0-0: Fly out, F8 (Line Drive, 8RD, EV 84.4 MPH)
|
|
Batting: RHB Max Stillo
|
0-0: Ball 1-0: Foul Ball, location: 2F 1-1: Foul Ball, location: 2F 1-2: Strikes out looking
|
| Top of the 9th over - 2 runs, 2 hits, 0 errors, 2 left on base; Tri-City 3 - Los Angeles (NYP) 5 |
|